 Dungeon Crawl Stone Soup version 0.30-a0-154-gb106f4c828 (webtiles) character file.

Game seed: 6238685657698425570

181 NeMaCarL the Firebug (level 5, -3/43 HPs)
             Began as a Demonspawn Wanderer on Sept 26, 2022.
             Killed by nerve-wracking pain
             ... invoked by Grinder
              (11 damage)
             ... on level 4 of the Dungeon on Sept 27, 2022.
             The game lasted 01:03:07 (3351 turns).

NeMaCarL the Firebug (Demonspawn Wanderer)          Turns: 3351, Time: 01:03:07

Health: -3/43      AC:  7    Str: 13    XL:     5   Next: 34%
Magic:  7/7        EV: 26    Int: 10    God:
Gold:   66         SH:  0    Dex: 17    Spells: 5/6 levels left

rFire   x . .      SeeInvis .    a - +2 falchion
rCold   + . .      Faith    .    (no shield)
rNeg    . . .      Spirit   .    c - +1 leather armour
rPois   .          Reflect  .    (helmet restricted)
rElec   .          Harm     .    (no cloak)
rCorr   .          Rampage  .    S - +0 pair of gloves
Will    .....                    (no boots)
Stlth   ++........               l - amulet of the acrobat
HPRegen 0.14/turn                k - ring of wizardry
MPRegen 0.10/turn                V - ring of ice

@: acrobatic
A: horns 1, rugged brown scales 2, high MP 1, no potion heal 1
a: no special abilities


You were on level 4 of the Dungeon.
You visited 1 branch of the dungeon, and saw 4 of its levels.

You collected 66 gold pieces.

Inventory:

Hand Weapons
 a - a +2 falchion (weapon)
 e - a +0 hand axe
 g - a +0 dagger
 h - a +0 whip
 n - a +0 club
 o - a +0 long sword
 r - a +0 dagger
 s - a +0 mace
 u - a +0 short sword
 v - a +0 club
 w - a +0 dagger
 x - a +0 spear
 y - a +0 dagger
 z - a +0 dagger
 B - a +0 club
 C - a +0 club
 D - a +0 club
 E - a +0 club
 F - a +0 dagger
 H - a +0 short sword
 L - a +0 dagger
 M - a +0 dagger
 N - a +0 dagger
 O - a +0 vorpal mace
 R - a +0 club
 U - a +0 short sword
 W - a +0 club
 X - a +0 club
 Z - a +0 spear
Missiles
 d - 4 poisoned darts
 i - 49 stones
Armour
 c - a +1 leather armour (worn)
 f - a +1 helmet of see invisible
 j - a +0 leather armour
 t - a +0 leather armour
 A - a +0 ring mail
 G - a +0 leather armour
 I - a +0 leather armour
 P - a +0 animal skin
 Q - a +0 helmet
 S - a +0 pair of gloves (worn)
 T - a +0 ring mail
 Y - a +0 robe
Magical Staves
 J - a staff of earth
Jewellery
 k - a ring of wizardry (left hand)
 l - an amulet of the acrobat (around neck)
 m - a +4 ring of protection
 V - a ring of ice (right hand)
Wands
 q - a wand of flame (11)
Scrolls
 b - a scroll of summoning
 K - a scroll of teleportation
Potions
 p - 3 potions of haste


   Skills:
 + Level 3.0 Fighting
 + Level 3.4 Long Blades
 + Level 2.3 Armour
 + Level 0.6 Dodging
 + Level 0.6 Stealth
 + Level 1.0 Spellcasting
 + Level 3.4 Fire Magic


You had 5 spell levels left.
You knew the following spells:

 Your Spells              Type           Power      Damage    Failure   Level
a - Foxfire               Conj/Fire      12%        2x1d4     9%          1

Your spell library contained the following spells:

 Spells                   Type           Power      Damage    Failure   Level
 Inner Flame              Hex/Fire       3%         N/A       26%         3
 Sticky Flame             Conj/Fire      3%         2d3       61%         4


Dungeon Overview and Level Annotations

Branches:
Dungeon (4/15)
 Temple: D:4-7

Altars:

Shops:
D:2 [   D:4 (

Annotations:
D:4 Grinder


Innate Abilities, Weirdness & Mutations

You have a pair of small horns on your head.
You are mostly covered in rugged brown scales. (AC +2, +5% HP)
You have an increased reservoir of magic. (+10% MP)
Potions are less effective at restoring your health.


Message History

You hit Ijyb. You headbutt Ijyb.
Ijyb is severely wounded.
Ijyb hits you with a +0 dagger.
Ijyb zaps a wand.
The puff of flame hits you! The fire burns you terribly!
* * * LOW HITPOINT WARNING * * *
You hit Ijyb but do no damage. Your headbutt misses Ijyb.
Ijyb is severely wounded.
Ijyb barely misses you.
You hit Ijyb.
Ijyb is almost dead.
Ijyb zaps a wand.
The puff of flame misses you.
You hit Ijyb.
You kill Ijyb!
Grinder says, "Don't move a muscle."
The quokka misses you.
You slash the quokka!
You kill the quokka!
Grinder gestures at you. Pain shoots through your body!
* * * LOW HITPOINT WARNING * * *
Grinder says, "FISH!"
Grinder gestures at you. You resist with significant effort.
Grinder says, "Wait up."
Grinder blinks!
Grinder closely misses you.
Grinder blinks!
Grinder gestures at you. You resist with significant effort.
Grinder blinks!
q - a wand of flame (11)
Your pack is full.
Things that are here:
a +0 dagger; a +0 leather armour; a potion of curing You swing at nothing.
Found 6 gold pieces.
Grinder says, "DUCK!"
Grinder gestures at you. Pain shoots through your body!
You die...

.....#
.....# . .
.....# #..#
.....######
#.. #..$#
........5.#
#.. #.#..#
...######.#
#[.#...#.#
#### #.#
#.#..∩..#
#.# #..#(..#
#.# #..@#.#
#.# #....#
#.####5#.##
#....)...###
######.#...#
#.#.###
#.### #..
###


You could see Grinder.

Vanquished Creatures
  Jessica (D:2)
  Ijyb (D:4)
  Robin (D:3)
  5 adders
  A worm (D:2)
  A dart slug (D:2)
  2 bats (D:1)
  2 endoplasms
  2 giant cockroaches (D:1)
  15 goblins
  7 hobgoblins
  2 jackals (D:2)
  7 kobolds
  5 quokkas
  8 ball pythons
  4 frilled lizards
  2 rats (D:2)
66 creatures vanquished.

Vanquished Creatures (others)
  7 foxfires
7 creatures vanquished.

Grand Total: 73 creatures vanquished

Notes
Turn   | Place    | Note
-------+----------+-------------------------------------------
     0 | D:1      | NeMaCarL the Demonspawn Wanderer began the quest for the
                  | Orb.
     0 | D:1      | NeMaCarL set off with the following items: a +1 falchion, a
                  | scroll of summoning, a +0 leather armour; and the following
                  | spell memorised: Foxfire; and the following spells
                  | available to memorise: Inner Flame, Sticky Flame.
     0 | D:1      | Reached XP level 1. HP: 16/16 MP: 2/2
   360 | D:1      | Found a faded altar of an unknown god.
   528 | D:1      | Gained mutation: You have a pair of small horns on your
                  | head. [demonic ancestry]
   528 | D:1      | Reached XP level 2. HP: 23/23 MP: 3/3
  1223 | D:2      | Gained mutation: You are partially covered in rugged brown
                  | scales. (AC +1, +3% HP) [demonic ancestry]
  1223 | D:2      | Reached XP level 3. HP: 18/28 MP: 4/4
  1263 | D:2      | Noticed Jessica
  1268 | D:2      | Killed Jessica
  1429 | D:2      | Gained mutation: You are mostly covered in rugged brown
                  | scales. (AC +2, +5% HP) [demonic ancestry]
  1429 | D:2      | Reached XP level 4. HP: 26/35 MP: 5/5
  1429 | D:2      | Upgraded the game from 0.30-a0-142-g7370640ec8 to
                  | 0.30-a0-154-gb106f4c828
  1473 | D:2      | You fall into a shaft and drop 1 floor!
  1925 | D:3      | Noticed Robin
  1942 | D:3      | Killed Robin
  2257 | D:2      | Gained mutation: You have an increased reservoir of magic.
                  | (+10% MP) [potion of mutation]
  2257 | D:2      | Gained mutation: Potions are less effective at restoring
                  | your health. [potion of mutation]
  2317 | D:2      | Reached XP level 5. HP: 43/43 MP: 7/7
  2507 | D:2      | Found Disist's Armour Shop.
  3284 | D:4      | Found Suec Umn's Antique Weapon Shop.
  3284 | D:4      | Noticed Ijyb
  3287 | D:4      | Noticed Grinder
  3308 | D:4      | Killed Ijyb
  3309 | D:4      | HP: 2/43 [Grinder/nerve-wracking pain (9)]
  3351 | D:4      | Killed from afar by Grinder

Illustrated notes

Levels and vault maps discovered:
D:1:      lemuel_arrival_hallway, layout_loops_cross, serial_forest,
          infiniplex_forest_straight_4, infiniplex_forest_lined_2,
          infiniplex_forest_lined_room_2, infiniplex_forest_straight_2,
          infiniplex_forest_lined_ring, shapermc_ecumenical_altar_pompeii,
          hangedman_decor_clover_reticule
D:2:      layout_basic, serial_shops, shop, minmay_misc_feat_cross, uniq_jessica
D:3:      layout_loops_cross, uniq_robin
D:4:      layout_basic, serial_shops, nicolae_diamond_shop, nrook_campfire,
          uniq_menkaure, uniq_edmund, uniq_ijyb, uniq_grinder

Skill      XL: |  1  2  3  4 |
---------------+-------------+-----
Long Blades    | 2 3 |  3.4
Fire Magic     | 3 |  3.4
Armour         | 2 |  2.3
Fighting       | 3 |  3.0
Dodging        | |  0.6
Stealth        | |  0.6
Spellcasting   | |  1.0

Action                   |  1- 3 |  4- 6 || total
-------------------------+-------+-------++-------
Melee: Falchion          |    76 |   107 ||   183
       Headbutt          |    11 |    12 ||    23
 Cast: Foxfire           |     4 |     1 ||     5
  Use: Scroll            |     3 |     1 ||     4
       Potion            |       |     6 ||     6
 Stab: Sleeping          |     1 |     4 ||     5
Armor: Leather armour    |    25 |    34 ||    59
Dodge: Dodged            |    37 |    61 ||    98

Table legend: (Time is in decaauts)
 A = Elapsed time spent in this place.
 B = Non-inter-level travel time spent in this place.
 C = Inter-level travel time spent in this place.
 D = Time resting spent in this place.
 E = Time spent auto-exploring this place.
 F = Levels seen in this place.
 G = Mean time per level.
                   A        B        C        D        E       F      G
               +--------+--------+--------+--------+--------+-----+--------+
         Total |   3380 |   1946 |   1434 |     40 |     12 |   4 |  845.0 |
       Dungeon |   3380 |   1946 |   1434 |     40 |     12 |   4 |  845.0 |
               +--------+--------+--------+--------+--------+-----+--------+

Top non-repeatable levels by time:
     D:2: 1272 daAuts
     D:1: 1189 daAuts
     D:3: 771 daAuts
     D:4: 145 daAuts
